Description

proxy barracks near main to float into edge of main

Build Order

Get SALT Encoding   

  15  0:44  Refinery, Barracks  hold off on scv production until barracks/1st refinery are dropped
  17  1:00  Refinery  
  18  1:32  Orbital Command  
  18  1:39  Ghost Academy  
  18  1:44  Barracks Tech Lab  tech lab is later because barracks is floated into edge of their main if possible
  18  1:50  Supply Depot  
  18  1:56  Bunker  at their natural
  18  2:08  Ghost  resume scv production
  21  2:29  Factory  
  23  2:37  Ghost  
  27  3:18  Factory Reactor  
  27  3:32  Command Center, Supply Depot  
  29  3:54  Cyclone x2  
  38  4:26  Cyclone x2  
  45  4:45  Orbital Command  
Spawning Tool Build Advisor. Get it on Overwolf

Go to:

Details

  • Created by: venipenny
  • Published on: Dec 01, 2017
  • Modified on: Dec 02, 2017
  • Patch: 4.0.0
Show
View Real Time Build Order
Export as new Build Order

Comments (2)

On Dec. 4, 2017, 9:48 a.m., Hushfield  said:

You can find the game here: https://www.twitch.tv/videos/205297306?t=02h21m26s

On Dec. 2, 2017, 8:01 p.m., VandenPlause  said:

Can someone upload a replay please?

Create an account to comment!